Workbook

Sheet 1.stfZweckbetrieb+Gesamtkosten 
A1: Vereinfachtes Verfahren einer Auftragskalkulation für STEUERFREIE Teilnehmerentgelte ohne steuerpflichtige Zusatzleistungen und Sponsoring
A2: Erstes Registerblatt: steuerfreier Zweckbetrieb (= das ist der eigentliche Zweck Ihrer Veranstaltung) und Gesamtkosten Ihrer Veranstaltung
A4: A. Auftragsspezifische Personalkosten | C4: A | F4: B | I4: C | L4: D | O4: E
A6: Sie können selbständig die Bezeichnungen in der Spalte A ändern und an Ihre Bedürfnisse anpassen! | F6: Entgeltgruppe | I6: Personalvollkosten (PVK) je Stunde/Jahr | L6: zu leistende Arbeitsstunden | O6: Gesamtkosten | P6: die umsatzsteuerpflichtigen Zusatzleistungen und Sponsoring stellen Sie Bitte auf den Registerblättern 2 und 3 dar!
A7: 1. Durch das Projekt finanzierte Beschäftigte
A8: 1.1 Wissenschaftliche Beschäftigte | C8: 3 Monate | F8: E13, 33% | L8: =O8/I15 -> 170.28 | O8: =I15*8*5*4.3*3*0.33 -> 12840.815
A9: 1.2 Studentische Hilfskräfte
A10: 1.3 Andere
A13: 2. Am Projekt beteiligte Hochschulbeschäftigte
A14: 2.1 Professor C/W | C14: 1 Tag | F14: W3 | I14: 103.23 | L14: 8 | O14: =I14*L14 -> 825.84 | P14: Hochschulbeschäftigte MÜSSEN einkalkuliert werden!
A15: 2.2 wissenschaftliche Beschäftigte | C15: 10 Tage | F15: E13 | I15: 75.41 | L15: 80 | O15: =I15*L15 -> 6032.8 | P15: Dienstleistungskompass > Forschung und Drittmittel (Intranet) > EU > EU-Unionsrahmen
A16: 2.3 Nichtwissenschaftliche Beschäftigte | C16: 10 Tage | F16: E9 | I16: 53.55 | L16: 80 | O16: =I16*L16 -> 4284 | P16: dort dann unter Personalvollkosten (aktuelles Jahr)
P18: ggfs. die Beschäftigten zeitanteilig aufteilen auf Zusatzleistung und Sponsoring
A21: 3. Forschungszulage (nur bei W2/W3)
A23: ∑ Personalkosten | O23: =SUM(O8:O21) -> 23983.455 | P23: Personalvollkosten berechnen!
A25: B. Auftragsspezifische Sachkosten
A27: 1. Investive Ausstattung
A29: 1.1 Kalk. Abschreibung (gem. DFG-ND) | C29: jährliche Abschreibung bzw. Miete | F29: jährliche Kapazität (Herstellerangaben) | I29: Abschreibung je Stunde (= A : B) | L29: auftragsbezogene Kapazitätseinplanung | O29: Gesamtkosten
A31: Messanlage | P31: wahrscheinlich für eine Tagung nicht relevant
A32: ∑ Kalk. Abschreibung
A35: 1.2 Kalk. Zinsen/kalk. Wagnis (derzeit 6,5%) | C35: jährliche kalk. Zinsen | F35: jährliche Kapazität (Herstellerangaben) | I35: Zinsen je Stunde (= A : B) | L35: auftragsbezogene Kapazitätseinplanung | O35: Gesamtkosten
A37: Messanlage | P37: wahrscheinlich für eine Tagung nicht relevant
A38: ∑ Kalk. Zinsen
A41: 1.3 Instandhaltungskosten (z.B. Wartungsverträge, Reparaturkosten, Ersatzteile, einschl. Zoll und Fracht) | C41: Kosten der Instandhaltung | F41: jährliche Kapazität (Herstellerangaben) | I41: Instandhaltungskosten je Stunde (= A : B) | L41: auftragsbezogene Kapazitätseinplanung | O41: Gesamtkosten
A44: ∑ Instandhaltungskosten | O44: 0 | P44: wahrscheinlich für eine Tagung nicht relevant
A47: 1.4 Kosten des Anlagenbetriebs (z.B. Energie,Wasser etc.) | I47: Verbrauch der Anlage in KWh, m³, etc. | L47: Stundenpreis in € | O47: Gesamtkosten
A48: Stromkosten für Messanlage | P48: wahrscheinlich für eine Tagung nicht relevant
A49: ∑ Kosten des Anlagenbetriebs
A52: 1.5 Anlagenbezogene Raum- und Bewirtschaftungskosten | I52: Raumbedarf (m² Hauptnutzfläche) | L52: (Einsatztage : 30) x ortsübliche monatl. Warmmiete in € | O52: Gesamtkosten | P52: Raumkosten: Dienstleistungskompass > Forschung und Drittmittel (Intranet) > EU > EU-Unionsrahmen, dort unter Verrechnungskostensätze (aktuelles Jahr)
A53: Seminarräume, Hörsaal (zum Beispiel Hörsaal gut oder mittel) | P53: Bei der Kalkulation der Raumkosten von zentral verwalteten Seminarräumen und Hörsälen für Fort- und Weiterbildungsangebote, bitte ZA 4 Immobilien für die entsprechenden Verrechnungskostensätze kontaktieren.
A54: ∑ Anlagebezogene Raum- und Bewirtschaftungskosten | O54: =O53 -> 0 | P54: die angegebenen Verrechnungskostensätze pro Quadratmeter aus der Tabelle gelten jeweils für einen vollen Monat! Bitte auf Ihre Tage umrechnen!
A57: 1.6 Sonstige anlagenbezogene Kosten | O57: Gesamtkosten
A58: (z.B. Schleifmittel, Werkzeuge etc.)
A59: Verbrauchsmaterial pauschal | P59: wahrscheinlich für eine Tagung nicht relevant
A60: ∑ Sonstige anlagenbezogene Kosten | O60: =O59 -> 0
A63: 2. Materialkosten
O65: Gesamtkosten
A66: Tagungsmappen (Mappe, Block, Stift, …) 10 EUR pP | C66: 10 EUR / TeilnehmendeR | D66: 10 | F66: 70 Teilnehmende | G66: 70 | O66: =D66*G66 -> 700
A68: ∑ Materialkosten | O68: =SUM(O66:O67) -> 700
A71: 3. Inanspruchnahme von Fremdleistungen
A73: Vergabe von Aufträgen an Universitätsfremde | O73: Gesamtkosten
A74: (z.B. Gutachten, Modelle, Messungen, technische Abnahmen, TÜV, Versuche, externe Dozenten etc.) …..
A75: ∑ Fremdleistungen | O75: 0
A78: 4. Sonstige direkt zurechenbare Kosten
A80: Sonst. dem Auftrag direkt zurechenbare Kosten | O80: Gesamtkosten
A81: (z.B. Reisekosten, Lizenzkosten, etc.)
P82: Hier sogenanntes Fingerfood oder Catering im Vorraum des Seminarraumes.
A83: Imbiss und Getränke | C83: 60 EUR / Tag | D83: 60 | F83: 70 Teilnehmende | G83: 70 | L83: =G83*D83 -> 4200 | O83: =L83 -> 4200 | P83: Vollwertiges Mittag- oder Abendessen gehören in 2. Registerblatt zu stpfl. Zusatzleistungen
A84: Reisekosten u Übernachtung für 2-3 Keynotespeaker | L84: 1200 | O84: 1200
A87: ∑ Sonstige direkt zurechenbare Kosten | O87: =SUM(O83:O84) -> 5400
A89: ∑ Sachkosten (Summe aus 1+2+3+4) | O89: =O32+O38+O44+O49+O54+O60+O68+O75+O87 -> 6100
A91: C. Selbstkosten der Tagung (∑ aus A + B) | O91: =O23+O89 -> 30083.455
A92: D. Gewinnzuschlag (grundsätzlich mind. 5 %) | O92: =O91*0.05 -> 1504.1727 | P92: Gewinnzuschlag MUSS einkakuliert werden! Sie können einen Gewinnzuschlag in Höhe von bis zu 49,99 % kalkulieren!
A93: E. Nettopreis der Tagung (∑ aus C + D) | O93: =O91+O92 -> 31587.628
A95: F. Overhead Fond 20% | O95: =O93/0.8-O93 -> 7896.9069 | P95: Overhead MUSS einkalkuliert werden! Overheadabzug erfolgt automatisch 20% des Nettowertes vom Geldeingang
A97: Nettopreis inklusive Overhead | O97: =O93+O95 -> 39484.534
A98: H. Umsatzsteuer | O98: =O97*0.19 -> 7502.0615
A99: I. Brutto-Angebotspreis der Tagung (∑ aus E + H) | O99: =O97+O98 -> 46986.596
A100: ./. Umsatzsteuer da umsatzsteuerbefreit nach § 4 Nr. 22a UStG | L100: ./. | O100: =O98 -> 7502.0615 | P100: Umsatzsteuerbefreiung gilt Nicht für Zusatzleistungen und Sponsoring!
A101: Angebotspreis: | L101: = | O101: =O99-O100 -> 39484.534
A102: ./. Förderung, passives Sponsoring, Spenden, Zuschüsse: | F102: hier eintragen, ggfs auf welche Positionen Förderung, passives Sponsoring, Spenden, Zuschüsse gelten und insoweit abziehen | L102: ./.
A103: ./. Aktives Sponsoring | F103: hier aktives Sponsoring aus drittem Registerblatt | L103: ./. | O103: ='3.Sponsoring'!E17 -> 75.5
A104: Angebotspreis gesamt: | O104: =O101-O102-O103 -> 39409.034
A105: Mindest - Teilnehmeranzahl, (zahlend): | O105: 70 | P105: Bitte bedenken: Bei Nichterreichen der Mindesteilnehmeranzahl entsteht ein MINUS und die Veranstaltung kann nicht stattfinden. Bitte z.b. bei Rechnungen oder Einladungen hinweisen! Bei "Minus" wäre z.B. das Einwerben von Sponsoren oder Spenden eine "Rettung".
A106: Angebotspreis pro Teilnehmer = steuerfrei Teilnehmerentgelt | L106: = | O106: =O104/O105 -> 562.98621
A107: Angebotspreis pro Teilnehmer = aus Registerblatt steuerpflichtige Zusatzleistungen | L107: + | O107: ='2.steuerpfl. Zusatzleistungen'!O122 -> 127.59492
A108: Angebotspreis pro Teilnehmer, Stfr. Teilnehmerentgelt + Zusatzleistungen ./. Sponsoring | O108: =O106+O107 -> 690.58112 | P108: diese Gesamtsumme übernehmen in Rechnung an die Teilnehmer
F110: Bitte prüfen Sie alle Formeln auf Plausibilität. Es kann vorkommen, daß bei Versendung die Formeln nicht richtig übertragen werden.
A112: Falls Sie verschiedene Preiskategorien, zum Beispiel für Frühbucher oder Spätbucher, Studenten- oder Vollzahlertarif haben möchten, dann tragen Sie bitte diese Preise selbst hier unten ein.
A113: Ändern Sie bitte gegebenenfalls Ihre Bezeichnungen! Nicht auf Sie Zutreffendes bitte löschen oder auf Null setzen. Bitte achten Sie auf die verschiedene Zuordnung zu steuerfreien und steuerpflichtigen Leistungen!
A114: Wenn Sie noch mehr Staffelungen haben wollen, dann fügen Sie bitte diese noch unten selbst nach Vorbild der bereits existierenden dazu.
A116: NORMALBUCHER/Regulär/zu-treffende Bezeichnung selbst eintragen oder ändern | F116: Sie können auch die Gesamtsumme "frei" nach oben setzen, z.B. weil Sie eine gerade Gesamtsumme haben wollen.
A117: steuerfreies Teilnehmerentgelt: | C117: =O106 -> 562.98621 | F117: Bitte dabei die Aufteilung in steuerfreies Teilnehmerntgelt und steuerpflichtige Zusatzleistungen selbst vornehmen.
A118: steuerpflichtige Zusatzleistungen | C118: =O107 -> 127.59492 | F118: Wichtig ist, daß Sie bei steuerfreiem Teilnehmerentgelt wie auch bei den steuerpflichtigen Zusatzleistungen NICHT ins Minus geraten.
A119: GESAMT: | C119: =O108 -> 690.58112
A121: Hinweis: wenn Sie unter dem Angebotspreis i.H.v.
A122: =O108 -> 690.58112
A123: bleiben, wird Ihre Veranstaltung im Minus landen! Das darf nicht sein.
A124: Wollen Sie für Frühbucher niedrigere Preise verlangen, gleichen Sie durch höhere Preise bei Spätbucher aus.
A127: Beispiel für FRÜBUCHER/Studenten/zutreffende Bezeichnung selbst eintragen
A128: steuerfreies Teilnehmerentgelt: | C128: 490
A129: steuerpflichtige Zusatzleistungen | C129: =O107 -> 127.59492
A130: GESAMT: | C130: =C128+C129 -> 617.59492
A133: Beispiel für SPÄTBUCHER/Akademiker/zutreffende Bezeichnung selbst eintragen:
A134: steuerfreies Teilnehmerentgelt: | C134: 600
A135: steuerpflichtige Zusatzleistungen | C135: =O107 -> 127.59492
A136: GESAMT: | C136: =C134+C135 -> 727.59492

Sheet 2.steuerpfl. Zusatzleistungen
A1: Vereinfachtes Verfahren einer Auftragskalkulation hier NUR UMSATZSTEUERPFLICHTIGE Zusatzleistungen
A4: A. Auftragsspezifische Personalkosten | C4: A | F4: B | I4: C | L4: D | O4: E
F6: Entgeltgruppe | I6: Personalvollkosten (PVK) je Stunde/Jahr | L6: zu leistende Arbeitsstunden | O6: Gesamtkosten
A7: 1. Durch das Projekt finanzierte Beschäftigte
A8: 1.1 Wissenschaftliche Beschäftigte
A9: 1.2 Studentische Hilfskräfte
A10: 1.3 Andere
A13: 2. Am Projekt beteiligte Hochschulbeschäftigte
A14: 2.1 Professor C/W | P14: Hochschulbeschäftigte MÜSSEN einkakuliert werden!
A15: 2.2 wissenschaftliche Beschäftigte | C15: 1 Tag | F15: W3 | I15: 103.23 | L15: 6 | O15: =I15*L15 -> 619.38 | P15: Dienstleistungskompass > Forschung und Drittmittel (Intranet) > EU > EU-Unionsrahmen
A16: 2.3 Nichtwissenschaftliche Beschäftigte | P16: dort dann unter Personalvollkosten (aktuelles Jahr)
P18: ggfs. die Beschäftigten zeitanteilig aufteilen auf Teilnehmerentgelte, Zusatzleistung und Sponsoring. Aufteilung auch bei Ust
A21: 3. Forschungszulage (nur bei W2/W3)
A23: ∑ Personalkosten | O23: =SUM(O8:O21) -> 619.38
A25: B. Auftragsspezifische Sachkosten
A27: 1. Investive Ausstattung
A29: 1.1 Kalk. Abschreibung (gem. DFG-ND) | C29: jährliche Abschreibung bzw. Miete | F29: jährliche Kapazität (Herstellerangaben) | I29: Abschreibung je Stunde (= A : B) | L29: auftragsbezogene Kapazitätseinplanung | O29: Gesamtkosten
A31: Messanlage | P31: wahrscheinlich für eine Tagung nicht relevant
A32: ∑ Kalk. Abschreibung
A35: 1.2 Kalk. Zinsen/kalk. Wagnis (derzeit 6,5%) | C35: jährliche kalk. Zinsen | F35: jährliche Kapazität (Herstellerangaben) | I35: Zinsen je Stunde (= A : B) | L35: auftragsbezogene Kapazitätseinplanung | O35: Gesamtkosten
A37: Messanlage | P37: wahrscheinlich für eine Tagung nicht relevant
A38: ∑ Kalk. Zinsen
A41: 1.3 Instandhaltungskosten (z.B. Wartungsverträge, Reparaturkosten, Ersatzteile, einschl. Zoll und Fracht) | C41: Kosten der Instandhaltung | F41: jährliche Kapazität (Herstellerangaben) | I41: Instandhaltungskosten je Stunde (= A : B) | L41: auftragsbezogene Kapazitätseinplanung | O41: Gesamtkosten
A44: ∑ Instandhaltungskosten | O44: 0 | P44: wahrscheinlich für eine Tagung nicht relevant
A47: 1.4 Kosten des Anlagenbetriebs (z.B. Energie,Wasser etc.) | I47: Verbrauch der Anlage in KWh, m³, etc. | L47: Stundenpreis in € | O47: Gesamtkosten
A48: Stromkosten für Messanlage | P48: wahrscheinlich für eine Tagung nicht relevant
A49: ∑ Kosten des Anlagenbetriebs
A52: 1.5 Anlagenbezogene Raum- und Bewirtschaftungskosten | I52: Raumbedarf (m² Hauptnutzfläche) | L52: (Einsatztage : 30) x ortsübliche monatl. Warmmiete in € | O52: Gesamtkosten | P52: Raumkosten: Dienstleistungskompass > Forschung und Drittmittel (Intranet) > EU > EU-Unionsrahmen, dort unter Verrechnungskostensätze (aktuelles Jahr)
P53: Bei der Kalkulation der Raumkosten von zentral verwalteten Seminarräumen und Hörsälen für Fort- und Weiterbildungsangebote, bitte ZA 4 Immobilien für die entsprechenden Verrechnungskostensätze kontaktieren.
A54: ∑ Anlagebezogene Raum- und Bewirtschaftungskosten | O54: =O53 -> 0
A57: 1.6 Sonstige anlagenbezogene Kosten | O57: Gesamtkosten
A58: (z.B. Schleifmittel, Werkzeuge etc.)
A59: Verbrauchsmaterial pauschal | P59: wahrscheinlich für eine Tagung nicht relevant
A60: ∑ Sonstige anlagenbezogene Kosten | O60: =O59 -> 0
A63: 2. Materialkosten
O65: Gesamtkosten
A66: etwaige Material | C66: 00 EUR / TeilnehmendeR | D66: 0 | F66: 00 Teilnehmende | G66: 0 | O66: =D66*G66 -> 0
A68: ∑ Materialkosten | O68: =SUM(O66:O67) -> 0
A71: 3. Inanspruchnahme von Fremdleistungen
A73: Vergabe von Aufträgen an Universitätsfremde | O73: Gesamtkosten
A74: (z.B. Gutachten, Modelle, Messungen, technische Abnahmen, TÜV, Versuche, externe Dozenten etc.) …..
A75: ∑ Fremdleistungen | O75: 0
A78: 4. Sonstige direkt zurechenbare Kosten
A80: Sonst. dem Auftrag direkt zurechenbare Kosten | O80: Gesamtkosten
A81: (z.B. Reisekosten, Lizenzkosten, etc.)
A83: Abendessen | O83: 3000 | P83: 19% Mehrwertsteuersatz beachten
A84: Mittagessen | O84: 1000
A85: Frühstück | O85: 200 | P85: auf Sie nicht zutreffende Leistungen auf Null setzen
P86: wenn Sie noch mehr Leistunge haben, dann bitte einfach Zeilen einfügen
A87: Übernachtung mit 7 % Ust | O87: 1000 | P87: 7 % Mehrwertsteuersatz beachten
A90: ∑ Sonstige direkt zurechenbare Kosten | O90: =SUM(O83:O86) -> 4200
A91: Sonstige direkt anrechenbare Kosten für 7 % Ust | O91: =SUM(O87) -> 1000
A92: ∑ Sachkosten mit 19 % USt (Summe aus 1+2+3+4) | O92: =O32+O38+O44+O49+O54+O60+O68+O75+O90 -> 4200
A93: Sachkosten mit 7% Ust | O93: =SUM(O91) -> 1000
A95: C. Selbstkosten der Tagung für Leistungen mit 19 % USt (∑ aus A + B) | O95: =O23+O68+O75+O92 -> 4819.38
A96: Selbstkosten der Tagung 7% Ust | O96: =SUM(O93) -> 1000
A98: D. Gewinnzuschlag (grundsätzlich mind. 5 %) für Leistungen mit 19 % Ust | O98: =O95*0.05 -> 240.969 | P98: Gewinnzuschlag MUSS einkakuliert werden! Sie können einen Gewinnzuschlag in Höhe von bis zu 49,99 % kalkulieren!
A99: Gewinnzuschlag (grundsätzlich mind 5 %) für Leistungen mit 7 % Ust | O99: =O96*0.05 -> 50
A101: E. Nettopreis der Tagung (∑ aus C + D) | O101: =O95+O98 -> 5060.349
A102: Nettopreis der Tagung für Leistungen mit 7% Ust | O102: =O96+O99 -> 1050
A104: F. Overhead Fond 20% für Leiszungen mit 19 % Ust | O104: =O101/0.8-O101 -> 1265.0872 | P104: Overhead MUSS einkalkuliert werden! Overheadabzug erfolgt automatisch 20% des Nettowertes vom Geldeingang
A105: Overhead Fond 20 % für Leistungen mit 7 % Ust | O105: =O102/0.8-O102 -> 262.5
A107: Nettopreis inklusive Overhead für Leistungen mit 19 % Ust | O107: =O101+O104 -> 6325.4362
A108: Nettopreis inkusive Overhead für Leistungen mit 7 % Ust | O108: =O102+O105 -> 1312.5
A110: H. Umsatzsteuer 19% | O110: =O107*0.19 -> 1201.8329
A111: Umsatzsteuer 7 % | O111: =O108*0.07 -> 91.875
A113: I. Brutto-Angebotspreis der Tagung für Leistungen mit 19 % USt (∑ aus E + H) | O113: =O110+O104+O101 -> 7527.2691
A114: Brutto-Angebotspreis der Tagung für Leistungen mit 7 % Ust | O114: =O102+O105+O111 -> 1404.375
A115: Brutto-Angebotspreis der Tagung alle Steuersätze gesamt | O115: =O113+O114 -> 8931.6441
A116: Umsatzsteuerbefreiung gilt nicht für steuerpflichtige Zusatzleistungen! | P116: Umsatzsteuerbefreiung gilt Nicht für Zusatzleistungen und Sponsoring!
A117: Angebotspreis: | L117: = | O117: =O113+O114-O116 -> 8931.6441
A120: Angebotspreis gesamt: | O120: =O117-O118 -> 8931.6441
A121: Mindest - Teilnehmeranzahl, (zahlend): | O121: 70 | P121: Bitte bedenken: Bei Nichterreichen der Mindesteilnehmeranzahl entsteht ein MINUS und die Veranstaltung kann nicht stattfinden. Bitte z.b. bei Rechnungen oder Einladungen hinweisen.
A122: Angebotspreis pro Teilnehmer = steuerpflichtige Zusatzleistungen | L122: = | O122: =O120/O121 -> 127.59492
A125: Mehwertsteuer anzugeben in Rechnung an Teilnehmer bei Zusatzleistungen: | I125: Netto | L125: Ust | O125: Brutto
A126: Zusatzleistungen für 19 % Ust | I126: =O126*100/119 -> 90.363375 | L126: =O126*19/119 -> 17.169041 | O126: =O122*O113/O115 -> 107.53242
A127: Zusatzleistungen für 7 % USt | I127: =O127*100/107 -> 18.75 | L127: =O127*7/107 -> 1.3125 | O127: =O122*O114/O115 -> 20.0625
A128: Gesamt : | O128: =O126+O127 -> 127.59492
F130: Bitte prüfen Sie alle Formeln auf Plausibilität. Es kann vorkommen, daß bei Versendung die Formeln nicht richtig übertragen werden.

Sheet 3.Sponsoring
A1: Aktives Sponsoring
A3: Beispielfirma - Name eintragen
B5: Beispielsumme Brutto, Summe eintragen | E5: 119 | H5: (Beispielsumme, Brutto)
C7: 19% Ust | D7: ./. | E7: =E5/119*19 -> 19
D9: = | E9: =E5-E7 -> 100
C11: abzgl. Overhead | D11: ./. | E11: =E9/100*20 -> 20 | H11: Overhead MUSS einkalkuliert werden! Overheadabzug erfolgt automatisch 20% des Nettowertes vom Geldeingang
D13: = | E13: =E9-E11 -> 80
C15: abzgl. Steuern | D15: ./. | E15: =E9/100*4.5 -> 4.5 | H15: diese pauschale Steuer MUSS einkalkuliert werden (Betrag wird umgebucht)
C17: Sponsoring | D17: = | E17: =E13-E15 -> 75.5 | H17: Mittel, die tatsächlich zur Verfügung stehen

Sheet Infos Overheadabzug
B1: Informationen zum Overheadabzug und Gewinnmarge
B3: Sehr geehrte Damen und Herren,
B5: bei einer wirtschaftlichen Tätigkeit hat die TUM Hochschule ihre Dienstleistung zu einem Preis zu erbringen, der sowohl sämtliche Kosten, als auch eine angemessene Gewinnspanne enthält, damit der Tatbestand der Beihilfe (siehe Unionsrahmen) nicht gegeben ist. Der Nachweis erfordert die Ermittlung von Vollkosten auf Ebene des Projektes bzw. des einzelnen Kundenauftrages. Weitere Informationen finden Sie unter folgendem Link im Dienstleistungskompass: https://portal.mytum.de/kompass/index/kompass/forschung/EU-Gemeinschaftsrahmen.
B6: Ich darf ergänzend darauf hinweisen, dass grundsätzlich jene Beihilfen, bei denen einem Unternehmen oder einem Unternehmenszweig durch die öffentliche Zuwendung finanzielle Vorteile entstehen & die sich in der Konsequenz spürbar wettbewerbsverzerrend auswirken, nicht erlaubt sind. Der Unionsrahmen verbietet eine Quersubventionierung wirtschaftlicher Tätigkeiten aus staatlichen Mitteln.
B8: Zum Overheadabzug darf ich Sie auf das entsprechende Rundschreiben aus dem Jahr 2017 anbei hinweisen sowie auf die entsprechenden Informationen im Dienstleistungskompass (https://portal.mytum.de/kompass/index/kompass/forschung/sonstige_geldgeber - hier finden Sie auch den Beschluss der Hochschulleitung) hinweisen
B10: Um eine Ausnahme zu erreichen, können Sie einen begründeten Antrag mit Stellungnahme der Fakultät an die Hochschulleitung zur Entscheidung übermitteln.

Sheet Rechnungserstellung
A2: Nach Prüfung Ihres Fragebogens und Ihrer Kalkulation richten wir Ihnen Auftragsnummern in SAP ein.
A3: Mit der Bekanntgabe der Auftragsnummern senden wir Ihnen eine Musterrechnung zu.
A4: Bitte erstellen Sie für Ihre Veranstaltung eine Musterrechnung.
A5: Senden Sie uns Ihre Musterrechnung danach zur Prüfung zu.
A7: Pos. | B7: Beschreibung | C7: Menge | D7: Einzelpreis | E7: Summe
A8: 1* | B8: Mustertagung 2023, 29.-30.11.2023, Tagungsbeitrag* Teilnahme an Tagung*, Imbiss*, Getränke* | C8: 1 | D8: ='1.stfZweckbetrieb+Gesamtkosten '!O106 -> 562.98621 | E8: =C8*D8 -> 562.98621
B9: *steuerbefreit nach § 4 Abs. 22a UStG
A10: 2 | B10: Mustertagung 2023, am 29.-30.11.2023, Auflistung der Zusatzleistungen zum Beispiel: Bewirtungen Mittagessen am 29. und 30.11.2023 und Abendessen am 29.11.2023 im Musterrestaurant, Frühstück im Musterhotel am 30.11.2023 | C10: 1 | D10: ='2.steuerpfl. Zusatzleistungen'!I126 -> 90.363375 | E10: =C10*D10 -> 90.363375
A11: 3 | B11: Mustertagung 2023, Übernachtung im Musterhotel vom 29. zum 30.11.2023 | C11: 1 | D11: ='2.steuerpfl. Zusatzleistungen'!I127 -> 18.75 | E11: =C11*D11 -> 18.75
B12: Gesamt Netto | E12: =SUM(E8:E11) -> 672.09958
B13: zzgl. 19% Ust. für Pos. 2 | E13: ='2.steuerpfl. Zusatzleistungen'!L126 -> 17.169041
B14: zzgl. 7% Ust. für Pos. 3 | E14: ='2.steuerpfl. Zusatzleistungen'!L127 -> 1.3125
B15: Gesamtbetrag | E15: =SUM(E12:E14) -> 690.58112
